 Dungeon Crawl Stone Soup version 0.29-a0-757-g358383bc75 (webtiles) character file.

Game seed: 12557109521464936585

156 moldycheese5 the Conjurer (level 5, -1/28 HPs)
             Began as a Deep Elf Conjurer on June 30, 2022.
             Killed by nerve-wracking pain
             ... invoked by an orc priest
              (3 damage)
             ... on level 4 of the Dungeon.
             The game lasted 00:06:09 (3169 turns).

moldycheese5 the Conjurer (Deep Elf Conjurer)       Turns: 3169, Time: 00:06:10

Health: -1/28      AC:  6    Str:  6    XL:     5   Next: 14%
Magic:  13/13      EV: 10    Int: 23    God:
Gold:   52         SH:  0    Dex: 18    Spells: 11/12 levels left

rFire   . . .      SeeInvis .   j - +2 short sword (speed)
rCold   . . .      Faith    .   (no shield)
rNeg    + . .      Spirit   .   l - +0 ring mail "Cat Oweo" {-Tele rElec rN+ Dex+5}
rPois   .          Reflect  .   (no helmet)
rElec   +          Harm     .   (no cloak)
rCorr   .          Rampage  .   (no gloves)
Will    .....      NoTele   +   i - +0 pair of boots
Stlth   ++........              (no amulet)
HPRegen 0.09/turn               (no ring)
MPRegen 0.13/turn               (no ring)

@: no status effects
A: no striking features
a: no special abilities


You were on level 4 of the Dungeon.
You visited 1 branch of the dungeon, and saw 4 of its levels.

You collected 100 gold pieces.
You spent 48 gold pieces at shops.

Inventory:

Hand Weapons
 j - a +2 short sword of speed (weapon)
Armour
 a - a +0 robe
 i - a +0 pair of boots (worn)
 l - the +0 ring mail "Cat Oweo" (worn) {-Tele rElec rN+ Dex+5}
   (You found it on level 2 of the Dungeon)

   Dex:       It affects your dexterity (+5).
   rElec:     It insulates you from electricity.
   rN:        It protects you from negative energy.
   -Tele:     It prevents most forms of teleportation.
Scrolls
 d - a scroll of poison
 e - 4 scrolls of identify
 g - a scroll of amnesia {unknown}
 h - a scroll of fog {unknown}
 k - a scroll of teleportation
 n - a scroll of blinking {unknown}
 o - a scroll of vulnerability {unknown}
Potions
 b - a potion of magic
 c - 2 potions of ambrosia {unknown}
 f - 2 potions of brilliance
 m - a potion of curing {unknown}


   Skills:
 + Level 0.4 Armour
 + Level 2.8 Dodging
 + Level 3.0 Stealth
 + Level 4.3 Spellcasting
 + Level 6.1 Conjurations


You had 11 spell levels left.
You knew the following spells:

 Your Spells              Type           Power      Damage    Failure   Level
a - Magic Dart            Conj           100%       1d8       3%          1

Your spell library contained the following spells:

 Spells                   Type           Power      Damage    Failure   Level
 Searing Ray              Conj           66%        2d6       4%          2
 Dazzling Flash           Conj/Hex       38%        N/A       34%         3
 Ozocubu's Armour         Ice            4%         N/A       75%         3
 Fulminant Prism          Conj/Hex       9%         3d7       75%         4
 Iskenderun's Mystic Bla  Conj/Tloc      19%        2d6       75%         4
 Ozocubu's Refrigeration  Ice            2%         4d5       100%        7


Dungeon Overview and Level Annotations

Branches:
Dungeon (4/15)
 Temple: D:4-7

Altars:
Cheibriados

Shops:
D:2 [(*?*


Message History

There is an open door here.
A dart slug comes into view.
A dart slug is nearby!
The magic dart hits the dart slug!
You kill the dart slug!
You can't see any susceptible monsters within range! (Use Z to cast anyway.)
You can't see any susceptible monsters within range! (Use Z to cast anyway.)
You can't see any susceptible monsters within range! (Use Z to cast anyway.) Magic restored.
You now have 52 gold pieces (gained 9).
A scorpion comes into view.
The magic dart hits the scorpion!
The scorpion is heavily wounded.
The magic dart hits the scorpion but does no damage.
The scorpion is heavily wounded.
The magic dart hits the scorpion but does no damage.
The scorpion is heavily wounded.
The magic dart hits the scorpion.
The scorpion is severely wounded.
The magic dart hits the scorpion.
You kill the scorpion!
Your Stealth skill increases to level 3!
Your Spellcasting skill increases to level 4!
Your Conjurations skill increases to level 6!
You have reached level 5!
You start resting.
Magic restored.
Found 6 stones. 3 orcs and 2 orc priests come into view.
The orc shouts!
The orc priest shouts!
The orc priest mumbles some strange prayers to Beogh against you.
Beogh smites you!
The orc priest invokes the aid of Beogh against you.
Beogh smites you!
Ouch! That really hurt!
* * * LOW HITPOINT WARNING * * *
You hear a shout!
The orc priest mumbles some strange prayers to Beogh against you.
Pain shoots through your body!
You die...

#....'.<...#....#
#....#.....#....#
#....#.....#....#
#....#.....'....#
#....#.....#....#
#....#.....######
####+#.....#
.................#
......†.........@#
...............oo#
.................#
.................#######
o......................#
.....$.................#
o......................#
o......................#
.......................#


You could see an orc priest and an orc.

Vanquished Creatures
  A scorpion (D:4)
  Jessica (D:2)
  2 adders
  A worm (D:3)
  2 dart slugs
  3 bats (D:1)
  6 endoplasms
  2 giant cockroaches
  3 goblins
  7 hobgoblins
  2 quokkas (D:1)
  4 ball pythons
  4 frilled lizards
  4 kobolds
  4 rats
46 creatures vanquished.

Notes
Turn   | Place    | Note
-------+----------+-------------------------------------------
     0 | D:1      | moldycheese5 the Deep Elf Conjurer began the quest for the
                  | Orb.
     0 | D:1      | Reached XP level 1. HP: 10/10 MP: 6/6
   318 | D:1      | Found a faded altar of an unknown god.
   396 | D:1      | Reached XP level 2. HP: 15/15 MP: 5/8
   743 | D:1      | Reached skill level 5 in Conjurations
  1455 | D:2      | Found Atiti's Magic Scroll Shop.
  1478 | D:2      | Reached XP level 3. HP: 19/19 MP: 4/9
  1481 | D:2      | Noticed Jessica
  1487 | D:2      | Killed Jessica
  1567 | D:2      | Bought a scroll of identify for 24 gold pieces
  1567 | D:2      | Bought a scroll of identify for 24 gold pieces
  1572 | D:2      | Found Momasy Fefe's Assorted Antiques.
  1631 | D:2      | Reached XP level 4. HP: 24/24 MP: 4/11
  1776 | D:2      | Found Bydur's Antique Armour Shop.
  1797 | D:2      | Identified the +0 ring mail "Cat Oweo" {-Tele rElec rN+
                  | Dex+5}
  1984 | D:2      | Found Hutrax's General Store.
  2001 | D:2      | Found Feint's Weapon Shop.
  2228 | D:3      | Found a snail-covered altar of Cheibriados.
  3094 | D:4      | Noticed a scorpion
  3099 | D:4      | Killed a scorpion
  3100 | D:4      | Reached skill level 6 in Conjurations
  3100 | D:4      | Reached XP level 5. HP: 28/28 MP: 6/13
  3169 | D:4      | Killed from afar by an orc priest

Illustrated notes

Levels and vault maps discovered:
D:1:      dreamdust_arrival_beginning_and_end, layout_basic,
          shapermc_ecumenical_altar_petra, minmay_shallow_snake_nest
D:2:      layout_rooms, serial_shops, nicolae_square_shop, nicolae_shop_crystal,
          nicolae_shop_statue_plus, nicolae_shop_hallway_plus,
          nicolae_shop_statue_plus, nicolae_concentric_dashed_squares_wild,
          uniq_jessica
D:3:      layout_basic, slow_altar_1, minmay_misc_feat_doors
D:4:      layout_gridville, riverfiend_overflow_shadow_ancestor

Skill      XL: |  1  2  3  4 |
---------------+-------------+-----
Conjurations   | 5 6 |  6.1
Stealth        | 3 |  3.0
Spellcasting   | 4 |  4.3
Armour         | |  0.4
Dodging        | |  2.8

Action                   |  1- 3 |  4- 6 || total
-------------------------+-------+-------++-------
 Cast: Magic Dart        |    61 |    35 ||    96
  Use: Scroll            |     4 |       ||     4
       Potion            |     2 |       ||     2
Armor: Robe              |     1 |       ||     1
Dodge: Dodged            |     5 |       ||     5

Table legend: (Time is in decaauts)
 A = Elapsed time spent in this place.
 B = Non-inter-level travel time spent in this place.
 C = Inter-level travel time spent in this place.
 D = Time resting spent in this place.
 E = Time spent auto-exploring this place.
 F = Levels seen in this place.
 G = Mean time per level.
                   A        B        C        D        E       F      G
               +--------+--------+--------+--------+--------+-----+--------+
         Total |   3167 |   3036 |    131 |    503 |   2277 |   4 |  791.8 |
       Dungeon |   3167 |   3036 |    131 |    503 |   2277 |   4 |  791.8 |
               +--------+--------+--------+--------+--------+-----+--------+

Top non-repeatable levels by time:
     D:1: 1424 daAuts
     D:3: 983 daAuts
     D:2: 641 daAuts
     D:4: 117 daAuts
